Map: Blackpink LE

Players

Ggo

  • Race: Zerg Zerg
  • League: Master
  • Spawn Location: 1:00

llIllllIllll - Winner!

  • Race: Protoss Protoss
  • League: Master
  • Spawn Location: 7:00

VOD

Have the link to the VOD?

Description

Time

  • Played on: Feb. 11, 2018, 8:44 p.m.
  • Length: 27:19
Show
View Real Time Build Order
Export as new Build Order

Ggo Zerg 

Build Orders: Hatch First 

Get SALT Encoding   

  12  0:00  Drone  
  13  0:12  Overlord  
  13  0:17  Drone  
  14  0:34  Drone x3  
  17  0:45  Drone  
  18  0:54  Hatchery  
  17  0:57  Drone  
  17  1:00  Extractor  
  17  1:12  Spawning Pool  
  17  1:15  Drone  
  17  1:20  Drone  
  18  1:28  Drone  
  19  1:41  Overlord  
  19  1:51  Drone  
  20  2:03  Queen  
  21  2:27  Zergling x4  
  25  2:31  Zergling x2  
  25  2:35  Metabolic Boost  
  24  2:50  Lair  
  24  2:57  Drone  
  25  2:59  Spine Crawler  
  24  3:05  Extractor  
  24  3:06  Zergling x4  
  25  3:16  Zergling x8  
  29  3:26  Overlord  
  29  3:38  Hatchery  
  28  3:51  Nydus Network  
  28  3:52  Queen  
  28  3:54  Drone  
  28  3:55  Drone x4  
  34  4:07  Spore Crawler  
  33  4:14  Zergling x2  
  34  4:28  Queen  
  36  4:34  Nydus Canal  
  36  4:42  Zergling x4  
  38  4:48  Overlord  
  38  5:08  Queen x2  
  42  5:18  Zergling x10  
  42  5:19  Zergling x2  
  47  5:49  Queen x2  
  49  5:53  Drone x2  
  49  5:55  Overlord  
  50  6:04  Zergling x2  
  48  6:52  Drone  
  49  6:55  Spire  
  49  6:56  Queen  
  49  6:57  Queen  
  48  7:34  Hatchery  
  47  7:37  Drone  
  48  7:52  Overlord x2  
  47  8:12  Mutalisk x5  
  45  8:18  Mutalisk  
  52  8:29  Mutalisk  
  52  8:30  Mutalisk  
  56  8:35  Mutalisk  
  58  8:45  Mutalisk x2  
  62  8:51  Mutalisk x2  
  66  9:02  Mutalisk  
  68  9:15  Overlord x2  
  68  9:36  Mutalisk  
  64  9:39  Mutalisk  
  66  10:26  Mutalisk x2  
  44  11:00  Hatchery  
  44  11:02  Hydralisk Den  
  42  11:19  Extractor  
  42  11:20  Extractor  
  40  11:46  Corruptor x3  
  46  11:48  Corruptor  
  48  12:07  Corruptor  
  44  12:52  Corruptor x2  
  48  13:07  Queen  
  48  13:08  Queen x2  
  54  13:21  Corruptor x2  
  54  14:20  Extractor  
  54  14:23  Drone x10  
  63  14:54  Extractor  
  62  15:10  Hydralisk  
  62  15:11  Hydralisk x7  
  78  15:21  Drone  
  77  15:46  Grooved Spines  
  77  15:55  Drone x3  
  80  15:57  Hydralisk  
  80  15:59  Overlord x2  
  82  16:28  Hydralisk x2  
  82  16:30  Hatchery  
  85  16:57  Muscular Augments  
  85  17:07  Extractor  
  84  17:18  Hydralisk x3  
  84  17:19  Hydralisk x4  
  98  17:40  Overlord x2  
  98  18:13  Hydralisk x4  
  98  18:14  Hatchery  
  105  18:29  Corruptor  
  107  18:34  Corruptor  
  109  19:05  Extractor  
  109  19:06  Extractor  
  107  19:13  Hydralisk x2  
  107  19:14  Hydralisk  
  107  19:16  Overlord x2  
  112  19:50  Hydralisk  
  112  19:51  Hydralisk x6  
  126  20:08  Hydralisk  
  126  20:25  Overseer  
  98  20:47  Hydralisk x3  
  92  20:50  Zergling x6  
  92  20:51  Zergling x6  
  92  20:54  Drone  
  92  20:55  Drone x2  
  99  21:11  Overseer  
  99  21:25  Spine Crawler  
  98  21:35  Hydralisk x4  
  98  21:38  Zergling x14  
  113  21:44  Drone  
  114  21:53  Drone x4  
  118  22:04  Drone x4  
  122  22:08  Pneumatized Carapace  
  122  22:23  Hydralisk x3  
  128  22:41  Roach Warren  
  121  23:05  Extractor  
  103  23:23  Roach  
  103  23:24  Roach x11  
  119  23:46  Hatchery  
  102  23:54  Roach  
  102  23:55  Roach x5  
  112  24:09  Roach x4  
  116  24:41  Roach x3  
  82  25:25  Hatchery  
  82  25:28  Hydralisk x4  
  89  25:51  Overseer  
  89  25:59  Hydralisk x3  
Show
View Real Time Build Order
Export as new Build Order

llIllllIllll Protoss - Winner!

Build Orders: Cannon Rush 

Get SALT Encoding   

  12  0:00  Probe (Chrono Boost)  
  13  0:12  Probe (Chrono Boost)  
  14  0:17  Probe (Chrono Boost)  
  15  0:24  Pylon  
  15  0:42  Probe  
  16  0:44  Forge  
  16  0:54  Probe  
  17  1:06  Probe  
  19  1:18  Probe  
  19  1:21  Pylon  
  19  1:31  Assimilator, Probe  
  20  1:34  Assimilator  
  20  1:40  Gateway  
  20  1:41  Photon Cannon  
  20  1:44  Photon Cannon  
  20  1:51  Photon Cannon  
  20  2:02  Probe  
  20  2:05  Assimilator  
  21  2:14  Probe  
  22  2:26  Probe  
  23  2:38  Probe  
  23  2:41  Photon Cannon  
  24  2:55  Nexus  
  24  3:04  Cybernetics Core  
  24  3:11  Pylon  
  24  3:13  Probe  
  25  3:25  Probe  
  26  3:41  Stargate  
  26  3:43  Stargate  
  26  3:49  Pylon  
  26  3:52  Assimilator  
  26  3:57  Assimilator  
  26  4:07  Probe  
  27  4:11  Shield Battery  
  27  4:16  Pylon  
  27  4:18  Pylon  
  27  4:20  Probe  
  28  4:26  Void Ray  
  32  4:51  Void Ray (Chrono Boost)  
  33  5:04  Shield Battery  
  32  5:10  Void Ray (Chrono Boost)  
  36  5:32  Photon Cannon  
  39  5:47  Void Ray (Chrono Boost)  
  39  5:54  Void Ray (Chrono Boost)  
  43  6:07  Photon Cannon  
  43  6:26  Forge  
  43  6:27  Pylon  
  47  6:49  Pylon  
  47  7:14  Fleet Beacon  
  43  7:39  Nexus  
  43  7:42  Pylon  
  43  8:18  Photon Cannon  
  43  8:26  Photon Cannon, Tempest (Chrono Boost)  
  49  8:30  Tempest (Chrono Boost)  
  55  8:45  Photon Cannon  
  55  8:55  Probe  
  56  8:56  Assimilator  
  56  9:15  Phoenix x2  
  60  9:23  Assimilator  
  44  9:40  Phoenix x2  
  44  9:42  Anion Pulse-Crystals (Chrono Boost)  
  44  9:50  Probe  
  45  10:02  Probe  
  45  10:05  Phoenix  
  48  10:12  Phoenix  
  50  10:25  Probe  
  51  10:37  Probe  
  52  10:49  Probe  
  51  10:52  Tempest  
  57  11:02  Probe  
  58  11:12  Probe  
  58  11:14  Probe  
  58  11:15  Pylon  
  60  11:24  Probe  
  61  11:26  Probe  
  62  11:38  Probe  
  63  11:43  Gateway  
  63  11:48  Photon Cannon x2  
  63  11:54  Tempest  
  69  12:11  Tempest  
  73  13:02  Tempest  
  73  13:29  Tempest  
  71  13:44  Void Ray  
  52  14:12  Tempest (Chrono Boost)  
  52  14:13  Cybernetics Core  
  52  14:14  Probe  
  57  14:18  Probe  
  58  14:26  Void Ray (Chrono Boost)  
  58  14:27  Probe  
  58  14:30  Probe  
  64  14:39  Probe  
  64  14:42  Probe  
  66  14:47  Gateway  
  66  14:50  Gateway  
  66  14:52  Void Ray (Chrono Boost)  
  70  15:00  Photon Cannon  
  70  15:04  Pylon  
  70  15:06  Pylon  
  70  15:16  Pylon  
  70  15:22  Probe x2  
  76  15:28  Nexus  
  76  15:29  Void Ray (Chrono Boost)  
  76  15:34  Probe  
  77  15:36  Pylon, Probe  
  77  15:42  Void Ray (Chrono Boost)  
  74  15:48  Probe  
  79  15:57  Gateway  
  79  15:58  Gateway  
  79  16:00  Probe  
  80  16:09  Void Ray  
  84  16:25  Gateway  
  84  16:30  Gateway  
  84  16:34  Pylon  
  84  16:43  Void Ray  
  84  16:44  Stalker  
  84  16:45  Stalker  
  92  16:48  Stalker  
  85  17:08  Twilight Council  
  85  17:10  Gateway  
  85  17:21  Gateway  
  85  17:23  Gateway  
  85  17:31  Warp Gate (Chrono Boost)  
  85  17:34  Stalker x4  
  89  18:03  Blink (Chrono Boost)  
  73  18:10  Stalker  
  73  18:11  Stalker x5  
  79  18:14  Templar Archives  
  79  18:23  Probe  
  79  18:25  Probe  
  79  18:26  Assimilator  
  81  18:28  Assimilator  
  81  18:29  Probe  
  81  18:37  Probe  
  82  18:41  Probe  
  82  18:44  Psionic Storm  
  79  18:49  Probe  
  79  18:54  Dark Shrine  
  74  19:02  Stalker x3  
  72  19:05  Probe  
  73  20:00  Pylon  
  73  20:01  Pylon  
  73  20:04  Pylon  
  73  20:19  Dark Templar x3  
  73  20:20  Dark Templar x3  
  73  20:21  Dark Templar  
  70  21:05  Nexus  
  70  21:06  Archon  
  70  21:07  Archon x2  
  70  21:08  Pylon  
  70  21:09  Pylon  
  70  21:18  Pylon  
  70  21:20  Pylon  
  70  21:25  Pylon  
  70  21:27  Pylon, High Templar x4  
  70  21:29  High Templar x3  
  84  21:51  Pylon  
  84  21:55  Pylon  
  84  21:57  Stalker x2  
  84  21:58  Stalker x2  
  84  22:00  Stalker x2  
  96  22:02  Stalker  
  98  22:19  Stalker  
  98  22:21  Stalker  
  100  22:40  Stalker x2  
  94  23:37  Stalker x2  
  94  23:38  Stalker x5  
  108  24:00  Nexus  
  108  24:03  Dark Templar x3  
  108  24:04  Dark Templar x2  
  108  24:05  Pylon  
  108  24:07  Pylon  
  114  25:11  Stalker x2  
  114  25:12  Dark Templar x4  
  114  25:35  High Templar x2  
  118  25:42  Probe  
  119  25:52  Stalker x2  
  119  25:53  Stalker x2  
  119  25:54  Probe  
  128  26:05  Nexus  
  128  26:06  Pylon  
  128  26:13  Stalker x3  
  120  27:01  Stalker x4  
  120  27:02  Stalker x3  
Tags
 
Add a new tag
Caveats
  • Supply blocks, unpowered buildings, or Contaminate may cause inaccurate times.
  • Supply counts are checked every 10 seconds.